 Dungeon Crawl Stone Soup version 0.32-a0-306-gfed3edf829 (webtiles) character file.

Game seed: 12524214510011051437

79 whatisthis the Trooper (level 4, -4/50 HPs)
             Began as an Oni Cinder Acolyte on Feb 14, 2024.
             Was a High Priest of Ignis.
             Slain by a gnoll
             ... wielding a +0 halberd
              (7 damage)
             ... on level 2 of the Dungeon.
             The game lasted 00:03:11 (991 turns).

whatisthis the Trooper (Oni Cinder Acolyte)          Turns: 991, Time: 00:03:11

Health: -4/50      AC: 10    Str: 20    XL:     4   Next: 38%
Magic:  5/5        EV:  9    Int: 15    God:    Ignis [*****.]
Gold:   80         SH:  0    Dex:  4    Spells: 5/5 levels left

rFire   + . .        a - -1 mace (flame)
rCold   . . .        (no shield)
rNeg    + . .        b - +0 robe
rPois   .            (helmet restricted)
rElec   .            (no cloak)
rCorr   .            (gloves unavailable)
SInv    .            (boots unavailable)
Will    .....        (no amulet)
Stlth   +            l - ring of positive energy
HPRegen 0.28/turn    (no ring)
MPRegen 0.09/turn

%: no passive effects
@: fiery-armoured
A: large, unfitting armour, horns 1, tough skin 1, double potion healing,
drunken brawling
a: Renounce Religion, Fiery Armour, Foxfire Swarm, Rising Flame


You were on level 2 of the Dungeon.
You worshipped Ignis.
Ignis was extremely pleased with you.
You visited 1 branch of the dungeon, and saw 2 of its levels.

You collected 80 gold pieces.

Inventory:

Hand Weapons
 a - a -1 mace of flaming (weapon)
Missiles
 c - 2 poisoned darts (quivered)
Armour
 b - a +0 robe (worn)
Jewellery
 l - a ring of positive energy (left hand)
Scrolls
 e - a scroll of enchant weapon {unknown}
 f - a scroll of teleportation {unknown}
 g - a scroll of enchant armour {unknown}
 i - a scroll of fog {unknown}
 j - a scroll of blinking {unknown}
 k - a scroll of revelation {unknown}
Potions
 d - a potion of mutation {unknown}
 h - a potion of berserk rage {unknown}
 m - a potion of heal wounds {unknown}


   Skills:
 + Level 5.5 Fighting
 + Level 4.1 Maces & Flails
 - Level 1.2 Spellcasting
 - Level 2.6 Fire Magic


You had 5 spell levels left.
You didn't know any spells.
Your spell library contained the following spells:

 Spells                   Type           Power      Damage    Failure   Level
 Scorch                   Fire           16%        2d5       12%         2


Dungeon Overview and Level Annotations

Branches:
Dungeon (2/15)

Altars:

Annotations:
D:1 1 transporter


Innate Abilities, Weirdness & Mutations

You are too large for most types of armour.
You have a pair of small horns on your head.
You have tough skin. (AC +1)
You gain doubled healing and magic from potions.
Whenever you drink a healing potion, you attack all around you.


Message History

The gnoll is heavily wounded.
The foxfire hits the gnoll.
The gnoll is severely wounded.
The gnoll throws a throwing net.
The throwing net hits you.
You become entangled in the net!
The foxfire hits the gnoll.
The gnoll is almost dead.
The foxfire hits the gnoll.
You kill the gnoll!
The foxfire hits the gnoll.
The gnoll is lightly wounded.
Unknown command.
You struggle against the net.
The foxfire hits the gnoll.
The gnoll is heavily wounded.
The gnoll closely misses you.
Unknown command.
You tear a large gash into the net.
The gnoll hits you from afar with a +0 halberd!
You rip the net and break free!
The gnoll hits you from afar with a +0 halberd!
The gnoll hits you from afar with a +0 halberd.
Unknown command.
The gnoll attacks as it pursues you! The gnoll completely misses you.
The gnoll attacks as it pursues you! The gnoll closely misses you.
The gnoll attacks as it pursues you!
The gnoll hits you from afar with a +0 halberd!
* * * LOW HITPOINT WARNING * * *
A protective cloak of flame settles atop you.
The gnoll hits you from afar with a +0 halberd!
* * * LOW HITPOINT WARNING * * *
The gnoll attacks as it pursues you!
The gnoll hits you from afar with a +0 halberd.
* * * LOW HITPOINT WARNING * * *
The gnoll attacks as it pursues you!
The gnoll hits you from afar with a +0 halberd.
* * * LOW HITPOINT WARNING * * *
There is a stone staircase leading up here.
The gnoll hits you from afar with a +0 halberd!
You die...
Ignis goes out, and joins you in death.

....)..
#.########.#
......# #.#
#.# ......
#.########.##
######
#.#....†....#
#g##.########
#.##.# #g##.#
#.##.# #@##.#
#.##.# #.##[#
#.##.# #.##.#
#.##.# #....#
######


You could see 2 gnolls.

Vanquished Creatures
  2 gnolls (D:2)
  A dart slug (D:1)
  4 endoplasms
  4 giant cockroaches
  A goblin (D:2)
  A hobgoblin (D:1)
  6 jackals
  4 kobolds
  A quokka (D:1)
  4 ball pythons
  A bat (D:1)
  3 rats
32 creatures vanquished.

Vanquished Creatures (others)
  11 foxfires (D:2)
11 creatures vanquished.

Grand Total: 43 creatures vanquished

Notes
Turn   | Place    | Note
-------+----------+-------------------------------------------
     0 | D:1      | whatisthis the Oni Cinder Acolyte began the quest for the
                  | Orb.
     0 | D:1      | Reached XP level 1. HP: 24/24 MP: 2/2
    66 | D:1      | Reached XP level 2. HP: 30/33 MP: 3/3
   226 | D:1      | Reached XP level 3. HP: 40/40 MP: 4/4
   395 | D:1      | Reached skill level 5 in Fighting
   939 | D:2      | Reached XP level 4. HP: 50/50 MP: 5/5
   991 | D:2      | Slain by a gnoll

Illustrated notes

Levels and vault maps discovered:
D:1:      spicycebolla_arrival_risky_transporter, layout_basic
D:2:      layout_basic

Skill      XL: |  1  2  3 |
---------------+----------+-----
Fighting       | 5 |  5.5
Maces & Flails | 4 |  4.1
Spellcasting   | |  1.2
Fire Magic     | |  2.6

Action                     |  1- 3 |  4- 6 || total
---------------------------+-------+-------++-------
  Melee: Mace              |    67 |       ||    67
         Headbutt          |     7 |       ||     7
 Invoke: Foxfire Swarm     |       |     1 ||     1
         Fiery Armour      |       |     1 ||     1
 Armour: Robe              |    47 |     8 ||    55
  Dodge: Dodged            |    30 |     3 ||    33

Table legend: (Time is in decaauts)
 A = Elapsed time spent in this place.
 B = Non-inter-level travel time spent in this place.
 C = Inter-level travel time spent in this place.
 D = Time resting spent in this place.
 E = Time spent auto-exploring this place.
 F = Levels seen in this place.
 G = Mean time per level.
                   A        B        C        D        E       F      G
               +--------+--------+--------+--------+--------+-----+--------+
         Total |   1004 |    992 |     12 |      0 |    708 |   2 |  502.0 |
       Dungeon |   1004 |    992 |     12 |      0 |    708 |   2 |  502.0 |
               +--------+--------+--------+--------+--------+-----+--------+

Top non-repeatable levels by time:
     D:1: 585 daAuts
     D:2: 419 daAuts
